 Dungeon Crawl Stone Soup version 0.28.0-53-g5a82cb258f (webtiles) character file.

Game seed: 5270315637151438486

826 safid the Cleaver (level 7, 0/88 HPs)
             Began as a Hill Orc Fighter on Aug 11, 2022.
             Was a Follower of Beogh.
             Succumbed to a kobold brigand's poison
             ... on level 5 of the Dungeon.
             The game lasted 00:08:04 (4973 turns).

safid the Cleaver (Hill Orc Fighter)                Turns: 4973, Time: 00:08:05

Health: 0/88       AC: 23    Str: 25 (27) XL:     7   Next: 96%
Magic:  7/7        EV:  2    Int:  7 (8)  God:    Beogh [*.....]
Gold:   160        SH:  8    Dex:  8 (10) Spells: 6/6 levels left

rFire   . . .      SeeInvis .   a - +0 war axe
rCold   . . .      Faith    .   k - +0 kite shield
rNeg    . . .      Spirit   .   (armour currently unavailable)
rPois   +          Reflect  .   (helmet currently unavailable)
rElec   .          Harm     .   (cloak currently unavailable)
rCorr   .          Rampage  .   (gloves currently unavailable)
Will    .....      NoTele   +   (boots currently unavailable)
Stlth   +.........              (no amulet)
HPRegen 0.24/turn               g - +6 ring of strength
MPRegen 0.10/turn               (no ring)

@: lethally poisoned (0 -> -21), tree-form
A: stationary, stasis, torment immunity, boosted hp
a: Renounce Religion


You were on level 5 of the Dungeon.
You worshipped Beogh.
Beogh was aware of your devotion.
You were a tree.
You visited 1 branch of the dungeon, and saw 5 of its levels.

You collected 249 gold pieces.
You spent 89 gold pieces at shops.

Inventory:

Hand Weapons
 a - a +0 war axe (weapon)
Missiles
 i - 4 poisoned darts (quivered)
Armour
 b - a +0 scale mail (melded)
 k - a +0 kite shield (worn)
 l - a +0 helmet (melded)
 q - a +1 pair of boots (melded)
Jewellery
 g - a +6 ring of strength (left branch)
 p - a ring of fire
Scrolls
 e - 5 scrolls of identify
 h - 2 scrolls of teleportation {unknown}
 j - a scroll of fog
 o - a scroll of silence {unknown}
 s - a scroll of magic mapping {unknown}
Potions
 f - a potion of haste {unknown}
 m - a potion of heal wounds {unknown}
 n - a potion of attraction {unknown}
 t - a potion of lignification


   Skills:
 - Level 4.0 Fighting
 + Level 10.8 Axes
 - Level 4.0 Armour
 - Level 4.0 Shields


You had 6 spell levels left.
You didn't know any spells.
Your spell library contained the following spells:

 Spells                   Type           Power      Damage    Failure   Level
 Magic Dart               Conj           0%         1d3       80%         1
 Call Imp                 Summ           0%         N/A       91%         2
 Mephitic Cloud           Conj/Pois/Air  0%         N/A       99%         3


Dungeon Overview and Level Annotations

Branches:
Dungeon (5/15)
 Temple: D:4-7

Altars:
Gozag

Shops:
D:2 =(?*   D:5 [

Annotations:
D:4 Pikel


Message History

You are more poisoned.
The hound bites you but does no damage. The kobold hits you but does no damage.
You closely miss the kobold. You hit the kobold brigand. You hit the kobold.
You hit the hound.
You feel very sick. The hound bites you. You block the kobold brigand's attack.
The kobold hits you with a +0 whip. The hound bites you but does no damage.
You block the kobold's attack.
Unknown command.
You hit the kobold.
The kobold is moderately wounded.
You closely miss the kobold brigand. You slash the kobold!
You kill the kobold!
Beogh accepts your kill.
You closely miss the hound.
* * * LOW HITPOINT WARNING * * *
You feel very sick. You block the kobold brigand's attack.
The hound bites you but does no damage. The kobold barely misses you.
The kobold brigand hits you with a +0 dagger of venom.
* * * LOW HITPOINT WARNING * * *
You are more poisoned.
It was a potion of degeneration.
There was something very wrong with that liquid.
You feel weakened.
You feel dopey.
You feel clumsy.
* * * LOW HITPOINT WARNING * * *
You feel very sick. You block the hound's attack.
You block the kobold's attack. The hound bites you.
* * * LOW HITPOINT WARNING * * *
The kobold hits you with a +0 whip.
* * * LOW HITPOINT WARNING * * *
The kobold brigand hits you but does no damage.
You are more poisoned.
It was a potion of lignification.
You turn into a tree.
Your +0 helmet melds into your body.
Your +1 pair of boots melds into your body.
Your +0 scale mail melds into your body.
Your roots penetrate the ground.
You die...

#............#
#............# ..
#.........#### ...
#...........## ##...
#....)..#.#..♣ #..♣..
#.....))#.#.♣ #......
#...........# ....♣..
#########..####♣K......
#..##.)♣h♣.#
#..)#♣.KK.# #.....).♣##
#.....♣## #....##
##.)## ##.. ##.# .>


You could see a kobold brigand, a hound and 2 kobolds.

Vanquished Creatures
  Edmund (D:4)
  A water moccasin (D:5)
  A necrophage (D:5)
  A hound (D:5)
  A jelly (D:4)
  3 orc priests (D:5)
  An iguana (D:5)
  6 orc wizards (D:5)
  6 adders
  A gnoll (D:1)
  An ufetubus (D:3)
  2 worms
  3 dart slugs
  16 orcs
  6 ball pythons
  5 endoplasms
  2 giant cockroaches (D:1)
  5 goblins
  8 hobgoblins
  3 jackals (D:1)
  9 quokkas
  2 bats (D:2)
  4 frilled lizards (D:1)
  20 kobolds
  7 rats
115 creatures vanquished.

Vanquished Creatures (others)
  57 plants (D:5)
57 creatures vanquished.

Grand Total: 172 creatures vanquished

Notes
Turn   | Place    | Note
-------+----------+-------------------------------------------
     0 | D:1      | safid the Hill Orc Fighter began the quest for the Orb.
     0 | D:1      | Reached XP level 1. HP: 19/19 MP: 1/1
    55 | D:1      | Reached skill level 3 in Axes
    55 | D:1      | Reached XP level 2. HP: 27/27 MP: 2/2
   481 | D:1      | Reached XP level 3. HP: 33/33 MP: 3/3
  1233 | D:2      | Found Ischionu's Magic Scroll Boutique.
  1253 | D:2      | Bought a scroll of identify for 28 gold pieces
  1253 | D:2      | Bought a scroll of fog for 28 gold pieces
  1291 | D:2      | Reached XP level 4. HP: 32/40 MP: 4/4
  1408 | D:2      | You fall into a shaft and drop 2 floors!
  1425 | D:4      | Reached skill level 4 in Axes
  1449 | D:4      | Noticed a lemure
  1449 | D:4      | Noticed a lemure
  1462 | D:4      | Noticed a lemure
  1462 | D:4      | Noticed Pikel
  1463 | D:4      | Noticed a lemure
  1564 | D:3      | Found a faded altar of an unknown god.
  1979 | D:2      | Found an opulent altar of Gozag.
  1981 | D:2      | Found Lonkam's Antique Weapon Shoppe.
  1993 | D:2      | Found Ofiotuci's Jewellery Shoppe.
  2202 | D:2      | Reached skill level 5 in Axes
  2427 | D:2      | Reached XP level 5. HP: 43/46 MP: 5/5
  2480 | D:2      | Found Sikki's General Store.
  2483 | D:2      | Bought a scroll of identify for 22 gold pieces
  2483 | D:2      | Bought a scroll of noise for 11 gold pieces
  3091 | D:3      | Became a worshipper of Beogh the Brigand
  3506 | D:4      | Reached skill level 6 in Axes
  3692 | D:4      | Noticed Edmund
  3704 | D:4      | Killed Edmund
  3705 | D:4      | Reached skill level 7 in Axes
  3705 | D:4      | Reached XP level 6. HP: 37/52 MP: 6/6
  4167 | D:5      | Entered Level 5 of the Dungeon
  4167 | D:5      | Found Zarul's Antique Armour Shop.
  4185 | D:5      | Noticed a necrophage
  4194 | D:5      | Killed a necrophage
  4195 | D:5      | Reached skill level 8 in Axes
  4202 | D:5      | Reached XP level 7. HP: 41/59 MP: 7/7
  4366 | D:5      | Reached skill level 9 in Axes
  4620 | D:5      | Reached skill level 10 in Axes
  4962 | D:5      | Reached * piety under Beogh
  4973 | D:5      | Succumbed to a kobold brigand's poison

Illustrated notes

Levels and vault maps discovered:
D:1:      saegor_arrival_simple_c, layout_loops_ring
D:2:      layout_loops_cross, serial_shops, shop, shop,
          nicolae_shop_behind_doors, shop, basic_altar, minmay_small_reverse_x
D:3:      layout_basic, shapermc_ecumenical_altar_totnotflames
D:4:      layout_loops_cross, uniq_edmund, uniq_pikel
D:5:      kennysheep_kobold_camp, layout_basic, lemuel_round_altar,
          nicolae_stop_n_shop_1, minmay_fractal_squares_diagonal_5,
          uniq_menkaure, uniq_prince_ribbit1

Skill      XL: |  1  2  3  4  5  6  7 |
---------------+----------------------+-----
Axes           | 3 5 7 8 10 | 10.8
Fighting       | 4 |  4.0
Armour         | 4 |  4.0
Shields        | 4 |  4.0

Action                   |  1- 3 |  4- 6 |  7- 9 || total
-------------------------+-------+-------+-------++-------
Melee: War axe           |   108 |   170 |    86 ||   364
Invok: Convert to Beogh  |       |     1 |       ||     1
  Use: Potion            |       |     1 |     6 ||     7
Armor: Scale mail        |    48 |    81 |    54 ||   183
Dodge: Dodged            |    47 |    71 |    19 ||   137
Block: Buckler           |    30 |       |       ||    30
       Kite shield       |     6 |    82 |    33 ||   121
